Map: Central Protocol

Players

JuGGeRNuTz

  • Race: Zerg Zerg

Chris (MCanning) - Winner!

  • Race: Protoss Protoss
  • League: Master

VOD

Have the link to the VOD?

Description

Time

  • Played on: Nov. 14, 2015, 2:33 a.m.
  • Length: 8:52
Show
View Real Time Build Order
Export as new Build Order

JuGGeRNuTz Zerg 

Build Orders: Hatch First 

Get SALT Encoding   

  12  0:01  Drone  
  13  0:12  Overlord  
  13  0:20  Drone  
  14  0:31  Drone x2  
  16  0:38  Drone  
  17  0:54  Hatchery  
  17  0:56  Drone  
  17  1:00  Drone  
  18  1:06  Extractor  
  17  1:17  Spawning Pool  
  16  1:18  Drone  
  16  1:22  Drone  
  18  1:33  Drone  
  18  1:39  Drone  
  20  1:51  Drone  
  21  2:00  Overlord  
  21  2:06  Queen x2  
  25  2:10  Metabolic Boost  
  25  2:15  Overlord  
  25  2:18  Drone  
  25  2:20  Drone  
  27  2:25  Drone  
  28  2:33  Drone x2  
  30  2:38  Drone  
  31  2:44  Queen  
  31  2:50  Drone  
  31  2:51  Drone  
  35  2:56  Overlord  
  35  3:09  Hatchery  
  34  3:14  Zergling x10  
  34  3:15  Zergling x2  
  34  3:17  Drone  
  34  3:18  Drone  
  42  3:28  Overlord  
  42  3:30  Drone x3  
  45  3:35  Lair  
  45  3:45  Drone x3  
  47  3:54  Overlord  
  47  3:55  Drone x4  
  51  3:59  Extractor  
  51  4:00  Drone, Extractor  
  50  4:07  Roach Warren, Drone  
  50  4:11  Evolution Chamber  
  50  4:15  Drone x2  
  51  4:26  Evolution Chamber  
  50  4:36  Zergling x2  
  50  4:37  Zergling x18  
  60  4:47  Drone x2  
  62  4:52  Zerg Melee Weapons Level 1  
  62  4:53  Zerg Ground Armor Level 1  
  62  4:54  Roach  
  62  4:55  Roach x2  
  62  4:57  Overlord  
  62  4:59  Overseer  
  68  5:04  Drone x2  
  70  5:09  Drone  
  70  5:10  Drone x2  
  73  5:22  Roach x3  
  73  5:23  Roach  
  73  5:24  Overlord  
  81  5:33  Overlord  
  81  5:39  Overlord  
  81  5:48  Ravager x4  
  85  5:51  Overlord  
  85  5:54  Drone x3, Extractor  
  85  5:55  Drone x4  
  85  5:56  Zergling x2  
  85  5:57  Zergling x8  
  96  6:15  Infestation Pit, Zergling x2  
  96  6:16  Zergling x10  
  96  6:18  Drone  
  102  6:22  Spire  
  96  6:38  Zergling x2  
  96  6:39  Zergling x20  
  104  6:41  Overlord  
  100  6:51  Overlord  
  100  6:52  Drone x4  
  100  6:54  Queen  
  100  6:56  Queen  
  100  7:00  Overlord  
  104  7:07  Drone  
  105  7:19  Ravager  
  105  7:20  Ravager  
  107  7:25  Overlord  
  107  7:33  Extractor  
  107  7:35  Extractor  
  104  7:37  Spine Crawler  
  104  7:38  Spine Crawler x2  
  104  7:41  Mutalisk x3  
  104  7:44  Drone x6  
  104  7:45  Drone  
  104  7:49  Overlord  
  83  8:07  Overlord  
  71  8:14  Zergling x2  
  71  8:15  Zergling x16  
Show
View Real Time Build Order
Export as new Build Order

Chris Protoss - Winner!

Build Orders: Nexus First 

Get SALT Encoding   

  12  0:01  Probe (Chrono Boost)  
  13  0:11  Probe (Chrono Boost)  
  14  0:25  Probe (Chrono Boost), Pylon  
  15  0:43  Probe (Chrono Boost)  
  16  0:54  Probe (Chrono Boost)  
  17  1:00  Nexus  
  17  1:13  Gateway  
  17  1:15  Probe (Chrono Boost)  
  18  1:26  Probe (Chrono Boost)  
  18  1:31  Assimilator  
  19  1:36  Probe (Chrono Boost), Assimilator  
  20  1:47  Probe (Chrono Boost)  
  20  1:53  Pylon  
  21  1:58  Probe (Chrono Boost)  
  23  2:08  Probe (Chrono Boost)  
  23  2:12  Cybernetics Core  
  23  2:14  Probe (Chrono Boost)  
  24  2:19  Probe (Chrono Boost)  
  25  2:24  Zealot  
  25  2:25  Probe (Chrono Boost)  
  25  2:29  Probe (Chrono Boost)  
  29  2:35  Probe (Chrono Boost)  
  30  2:40  Probe (Chrono Boost)  
  31  2:44  Pylon  
  31  2:46  Probe (Chrono Boost)  
  31  2:50  Probe (Chrono Boost)  
  31  2:51  Stalker  
  35  2:53  Warp Gate (Chrono Boost)  
  35  2:57  Mothership Core (Chrono Boost)  
  37  3:01  Probe (Chrono Boost)  
  38  3:11  Probe (Chrono Boost)  
  39  3:13  Gateway  
  39  3:15  Probe (Chrono Boost)  
  40  3:20  Gateway  
  40  3:22  Probe (Chrono Boost)  
  40  3:26  Probe (Chrono Boost)  
  42  3:32  Probe (Chrono Boost)  
  42  3:33  Gateway  
  43  3:36  Probe (Chrono Boost), Robotics Facility  
  43  3:40  Sentry  
  46  3:43  Probe (Chrono Boost)  
  46  3:47  Probe (Chrono Boost)  
  48  3:50  Pylon  
  48  3:53  Probe (Chrono Boost)  
  49  3:55  Pylon  
  49  3:57  Probe (Chrono Boost)  
  49  4:02  Probe  
  50  4:08  Assimilator  
  50  4:09  Probe (Chrono Boost)  
  52  4:12  Assimilator  
  52  4:14  Probe (Chrono Boost)  
  55  4:17  Sentry, Gateway  
  55  4:18  Gateway  
  55  4:19  Sentry  
  55  4:21  Probe (Chrono Boost), Observer  
  59  4:32  Gateway  
  59  4:36  Probe (Chrono Boost)  
  59  4:37  Pylon  
  60  4:43  Sentry  
  62  4:47  Warp Prism  
  64  4:55  Probe (Chrono Boost)  
  64  4:58  Forge  
  65  5:02  Probe (Chrono Boost)  
  65  5:03  Stalker  
  68  5:07  Pylon  
  68  5:10  Adept  
  68  5:12  Probe (Chrono Boost)  
  71  5:16  Robotics Bay  
  71  5:17  Adept  
  71  5:18  Adept  
  75  5:21  Pylon  
  75  5:23  Observer (Chrono Boost)  
  76  5:29  Probe (Chrono Boost)  
  76  5:33  Protoss Ground Weapons Level 1  
  76  5:38  Probe (Chrono Boost)  
  76  5:39  Pylon  
  76  5:42  Pylon  
  77  5:43  Photon Cannon  
  77  5:45  Gateway  
  77  5:49  Immortal (Chrono Boost)  
  81  5:50  Probe  
  81  5:53  Adept x2  
  81  5:55  Adept  
  87  6:04  Adept x2  
  91  6:14  Probe  
  91  6:17  Adept x3  
  98  6:23  Disruptor (Chrono Boost)  
  101  6:32  Probe  
  93  6:38  Probe  
  89  6:40  Adept x4  
  89  6:41  Adept  
  89  6:43  Probe  
  89  6:44  Pylon  
  100  6:54  Disruptor (Chrono Boost)  
  99  7:00  Zealot  
  97  7:02  Stalker x3  
  97  7:03  Stalker x2  
  107  7:20  Probe  
  108  7:25  Disruptor (Chrono Boost)  
  108  7:27  Probe  
  112  7:35  Probe, Pylon  
  112  7:36  Pylon  
  112  7:38  Pylon  
  112  7:42  Photon Cannon  
  112  7:43  Photon Cannon  
  111  7:44  Zealot x2  
  110  7:59  Probe  
  109  8:05  Stalker  
  109  8:06  Stalker x5  
  109  8:07  Stalker  
  109  8:10  Probe  
  112  8:18  Probe  
  98  8:21  Probe  
  99  8:30  Probe  
  99  8:33  Zealot x5  
  99  8:35  Probe  
Tags
 
Add a new tag
Caveats
  • Supply blocks, unpowered buildings, or Contaminate may cause inaccurate times.
  • Supply counts are checked every 10 seconds.